 Dungeon Crawl Stone Soup version 0.29.0-10-g45618ea6d2 (webtiles) character file.

Game seed: 2254758058428129771

2478 greasedhog the Covert (level 9, -6/40 HPs)
             Began as a Felid Abyssal Knight on Sept 1, 2022.
             Was a Believer of Lugonu.
             Mangled by a troll (9 damage)
             ... on level 7 of the Dungeon.
             The game lasted 00:24:49 (17142 turns).

greasedhog the Covert (Felid Abyssal Knight)       Turns: 17142, Time: 00:24:50

Health: -6/40      AC:  2    Str: 13    XL:     9   Next: 27%
Magic:  18/18      EV: 18    Int: 13    God:    Lugonu [**....]
Gold:   219        SH:  0    Dex: 16    Spells: 8/8 levels left
                                        Lives:  0   Deaths: 3

rFire   . . .      SeeInvis +     - Unarmed
rCold   . . .      Faith    .   (shield unavailable)
rNeg    . . .      Spirit   .   (body armour unavailable)
rPois   .          Reflect  .   (helmet unavailable)
rElec   .          Harm     .   (cloak unavailable)
rCorr   .          Rampage  .   (gloves unavailable)
Will    ++...                   (boots unavailable)
Stlth   ++++++....              b - amulet of the acrobat
HPRegen 0.13/turn               p - ring of willpower
MPRegen 0.16/turn               (no ring)

@: quick
A: very small, claws 1, fangs 3, see invisible, speed 1, shaggy fur 2, stealthy
paws, no weapons or thrown items, no armour, multi-lived
a: Renounce Religion, Depart the Abyss, Bend Space


You were on level 7 of the Dungeon.
You worshipped Lugonu.
Lugonu was pleased with you.
You visited 1 branch of the dungeon, and saw 7 of its levels.
You visited the Abyss 1 time.

You collected 322 gold pieces.
You spent 103 gold pieces at shops.

Inventory:

Jewellery
 b - an amulet of the acrobat (around neck)
 p - a ring of willpower (left paw)
Wands
 t - a wand of iceblast (4)
Scrolls
 c - 2 scrolls of vulnerability
 d - 4 scrolls of blinking
 e - 2 scrolls of immolation {unknown}
 g - 4 scrolls of magic mapping
 l - 4 scrolls of teleportation {unknown}
 n - a scroll of enchant weapon {unknown}
 u - a scroll of fear {unknown}
 v - a scroll of poison {unknown}
 w - a scroll of fog {unknown}
 x - a scroll of identify
 y - a scroll of amnesia
Potions
 a - a potion of degeneration {unknown}
 f - 2 potions of heal wounds {unknown}
 h - a potion of brilliance
 i - 2 potions of berserk rage
 k - 2 potions of attraction {unknown}
 m - 3 potions of haste {unknown}
 o - a potion of resistance {unknown}
 q - a potion of cancellation {unknown}
 r - a potion of magic {unknown}
 s - a potion of flight {unknown}


   Skills:
 * Level 5.6 Fighting
 - Level 3.8 Dodging
 - Level 13.5 Stealth
 - Level 5.5 Unarmed Combat
 * Level 10.8 Invocations


You had 8 spell levels left.
You didn't know any spells.
Your spell library contained the following spells:

 Spells                   Type           Power      Damage    Failure   Level
 Slow                     Hex            0%         N/A       30%         1
 Confusing Touch          Hex            0%         N/A       67%         3
 Vampiric Draining        Necr           0%         2d6       67%         3


Dungeon Overview and Level Annotations

Branches:
Dungeon (7/15)             Temple (0/1) D:7

Altars:
Dithmenos
Gozag
Hepliaklqana
Kikubaaqudgha
Qazlal
Sif Muna
Vehumet
Wu Jian
Xom
Zin
The Shining One

Shops:
D:2 (   D:6 *

Annotations:
D:7 Dowan
Abyss:1 Joseph


Innate Abilities, Weirdness & Mutations

You have sharp claws.
You have razor-sharp teeth.
You have supernaturally acute eyesight. (SInv)
You cover ground quickly. (Speed+)
You are covered in thick fur. (AC +2)
Your paws help you pounce on unaware monsters.
You are incapable of wielding weapons or throwing items.
You cannot wear armour.
You gain extra lives every three experience levels.


Message History

You climb downwards.
Level annotation: Dowan
There is a stone staircase leading up here.
There is an open door here.
A troll is nearby!
A troll is nearby!
There is an open door here.
You scratch the troll.
The troll is lightly wounded.
The troll misses you. The troll claws you! The troll barely misses you.
You claw the troll! You bite the troll.
The troll is moderately wounded.
The troll closely misses you. The troll claws you.
The troll closely misses you.
You enter the shallow water.
Moving in this stuff is going to be slow.
The troll completely misses you. The troll misses you.
The troll completely misses you.
You scratch the troll. Your claw misses the troll.
The troll is heavily wounded.
The troll closely misses you. The troll claws you. The troll misses you.
You scratch the troll. You claw the troll! You bite the troll.
The troll is severely wounded.
The troll barely misses you. The troll misses you. The troll claws you.
You closely miss the troll.
The troll is severely wounded.
The troll barely misses you. x2; The troll claws you but does no damage.
You closely miss the troll.
The troll is heavily wounded.
The troll misses you. The troll closely misses you. The troll claws you.
You scratch the troll.
The troll is severely wounded.
The troll bites you. The troll completely misses you.
The troll barely misses you.
You closely miss the troll.
The troll is severely wounded.
The troll bites you!
* * * LOW HITPOINT WARNING * * *
The troll claws you!
You die...

..#.♣ ♣.########'####### ♣♣♣..#.#
..#.♣♣♣.#♣♣.♣♣#...#♣♣.♣♣ ♣...♣#.#
..#..[..♣♣...♣♣...♣♣...♣♣♣♣♣.♣#.#
.....♣........'<8>'..............
..#.....♣♣...♣♣...♣♣...♣♣♣.♣♣♣#.#
..#.♣♣♣.#♣♣.♣♣#...#♣♣)♣♣ ♣..♣♣#.#
..#.♣ ♣.# ######'###### ♣.≈.♣#..
..#.♣ ♣.# ♣♣.....♣♣ ♣.~..#..
..#.♣ ♣.#♣♣♣♣...@P..♣♣♣♣#♣.≈♣.#..
..#.♣♣♣.#.......T.......#♣....#.#
..#.....#♣♣♣♣...Pg..♣♣♣♣#♣♣.♣♣#.#
..####### ♣♣.....♣♣ #####.# ..##
###.### #.... ...# )..♣ #.###
.#.###### o~~~.♣ #.### .#..[...#
.#~~~#.~ #...) .#..###.# .~~~.♣.~
###..##


You could see a troll and a gnoll sergeant.

Vanquished Creatures
  Grinder (D:3)
  Sigmund (D:4)
  Duvessa (D:7)
  An orc warrior (D:5)
  3 sky beasts
  A black bear (D:4)
  An ice beast (D:5)
  2 centaurs (D:6)
  2 phantoms
  5 bullfrogs
  A necrophage (D:7)
  2 scorpions
  5 wights
  A killer bee (D:7)
  2 howler monkeys
  3 jellies
  4 orc priests
  A gnoll bouda (D:5)
  3 hounds
  11 iguanas
  Jessica (D:2)
  Natasha (thrice) (D:3)
  10 orc wizards
  Robin (D:4)
  5 gnolls
  10 adders
  3 shadow imps
  3 white imps (D:7)
  2 ufetubi
  2 worms
  3 dart slugs
  30 orcs
  6 bats
  11 endoplasms
  17 goblins
  5 hobgoblins
  3 jackals (D:1)
  5 kobolds
  4 quokkas
  7 ball pythons
  A frilled lizard (D:3)
  5 rats
188 creatures vanquished.

Vanquished Creatures (others)
  15 plants (D:7)
15 creatures vanquished.

Grand Total: 203 creatures vanquished

Notes
Turn   | Place    | Note
-------+----------+-------------------------------------------
     0 | Abyss:1  | greasedhog the Felid Abyssal Knight began the quest for the
                  | Orb.
     0 | Abyss:1  | Reached XP level 1. HP: 10/10 MP: 3/3
     1 | D:1      | Escaped the Abyss
   270 | D:1      | Reached skill level 1 in Stealth
   270 | D:1      | Reached XP level 2. HP: 8/14 MP: 4/4
   745 | D:1      | Reached skill level 2 in Stealth
   934 | D:1      | Reached XP level 3. HP: 10/17 MP: 5/5
  1141 | D:1      | Found a faded altar of an unknown god.
  1668 | D:2      | Found Plog's Weapon Emporium.
  2079 | D:2      | Noticed Jessica
  2088 | D:2      | Killed Jessica
  2089 | D:2      | Reached XP level 4. HP: 22/22 MP: 6/6
  2163 | D:2      | Reached skill level 3 in Stealth
  2177 | D:2      | Found a shimmering altar of Xom.
  2220 | D:2      | Reached *** piety under Lugonu
  3006 | D:3      | Noticed Grinder
  3162 | D:3      | Found a radiant altar of Vehumet.
  3390 | D:3      | Found a faded altar of an unknown god.
  3394 | D:3      | Found a glowing golden altar of the Shining One.
  3698 | D:4      | Killed from afar by an orc priest
  3699 | D:4      | Reached XP level 3. HP: 0/18 MP: 6/6
  3729 | D:4      | Reached skill level 4 in Stealth
  3729 | D:4      | Reached XP level 4. HP: 13/22 MP: 7/7
  4100 | D:4      | Noticed Sigmund
  4350 | D:4      | Found an opulent altar of Gozag.
  4351 | D:4      | Found a shadowy altar of Dithmenos.
  4354 | D:4      | Noticed Natasha
  4355 | D:4      | Found an ancient bone altar of Kikubaaqudgha.
  4623 | D:3      | Killed Natasha
  4624 | D:3      | Reached skill level 5 in Stealth
  4624 | D:3      | Reached XP level 5. HP: 25/25 MP: 8/8
  4653 | D:3      | Killed Grinder
  4654 | D:3      | Reached skill level 6 in Stealth
  4654 | D:3      | Gained mutation: You are covered in thick fur. (AC +2)
                  | [Felid growth]
  4654 | D:3      | Reached XP level 6. HP: 28/28 MP: 8/10
  4978 | D:3      | Noticed Natasha
  4984 | D:3      | Killed Natasha
  5031 | D:3      | Noticed Natasha
  5053 | D:3      | Killed Natasha
  5941 | D:4      | Reached skill level 7 in Stealth
  5958 | D:3      | Reached skill level 5 in Invocations
  6231 | D:4      | Reached **** piety under Lugonu
  6325 | D:4      | Killed Sigmund
  6326 | D:4      | Reached XP level 7. HP: 23/31 MP: 10/12
  6984 | D:4      | Noticed Robin
  7037 | D:4      | Killed Robin
  7038 | D:4      | Reached skill level 8 in Stealth
  7174 | D:4      | Found a glowing silver altar of Zin.
  7460 | D:4      | Found a shimmering blue altar of Sif Muna.
  7462 | D:4      | Found a hazy altar of Hepliaklqana.
  7675 | D:5      | Entered Level 5 of the Dungeon
  8282 | D:5      | Reached skill level 5 in Fighting
  8282 | D:5      | Reached XP level 8. HP: 28/37 MP: 13/13
 10202 | D:6      | Found Omoc's Assorted Antiques.
 11982 | D:6      | Reached skill level 9 in Stealth
 12134 | D:6      | Noticed a cyclops
 12135 | D:6      | Banished a cyclops
 12136 | D:6      | Reached skill level 5 in Unarmed Combat
 12136 | D:6      | Reached XP level 9. HP: 35/40 MP: 10/16
 12594 | D:5      | Slain by a wight
 12595 | D:5      | Reached XP level 8. HP: 0/30 MP: 15/15
 12632 | D:5      | Reached skill level 10 in Stealth
 12667 | D:6      | Bought a scroll labelled DUELORGH ONIOSI for 28 gold pieces
 12667 | D:6      | Bought a fizzy puce potion for 25 gold pieces
 12667 | D:6      | Bought a fuming clear potion for 25 gold pieces
 12667 | D:6      | Bought a silvery potion for 25 gold pieces
 13909 | D:6      | Reached skill level 11 in Stealth
 13967 | D:6      | Found a shimmering altar of Xom.
 13967 | D:6      | Found a stormy altar of Qazlal.
 14099 | D:6      | Reached XP level 9. HP: 40/40 MP: 16/16
 14309 | D:7      | Found an ornate altar of the Wu Jian Council.
 14485 | D:7      | Found a staircase to the Ecumenical Temple.
 15068 | D:7      | Reached skill level 12 in Stealth
 15838 | D:7      | Noticed a cyclops
 15847 | D:7      | Banished a cyclops
 15848 | D:7      | Reached skill level 10 in Invocations
 15860 | D:7      | Noticed an unseen horror
 15860 | D:7      | Noticed a four-headed hydra
 16110 | D:7      | Banished an unseen horror
 16169 | D:7      | Banished a four-headed hydra
 16170 | D:7      | Reached skill level 13 in Stealth
 16170 | D:7      | Reached XP level 10. HP: 43/44 MP: 9/18
 16484 | D:7      | Noticed Joseph
 16487 | D:7      | Banished Joseph
 16586 | D:7      | Identified the +5 broad axe "Ugumoom" {flame, rElec Will-
                  | Str+2 SInv}
 16773 | D:7      | Noticed Dowan
 16779 | D:7      | Noticed Duvessa
 16789 | D:7      | Killed Duvessa
 16794 | D:7      | Slain by Dowan
 16795 | D:7      | Reached XP level 9. HP: 0/40 MP: 18/18
 16926 | D:7      | Noticed a two-headed ogre
 16928 | D:7      | Noticed a troll
 17142 | D:7      | Mangled by a troll

Illustrated notes

Levels and vault maps discovered:
D:1:      sevenhm_arrival_forest_fort_small_4, layout_loops_ring,
          shapermc_ecumenical_altar_notcrosses
D:2:      layout_loops_cross, basic_altar, serial_shops, shop, nrook_uturn,
          minmay_split_cup_large, uniq_jessica
D:3:      layout_loops_ring, nicolae_overflow_ecumenical_swirl,
          mainiacjoe_overflow_alcove_1, small_statue_intersection, uniq_grinder
D:4:      layout_basic, nicolae_overflow_hidden_temple,
          mainiacjoe_overflow_six_doors_small, portal_sewer_entry_d, uniq_robin,
          uniq_natasha, uniq_sigmund
D:5:      layout_loops_corners
D:6:      cheibrodos_fzero, layout_cave_pools, gammafunk_temple_overflow_statue,
          serial_shops, shop
D:7:      nzn_winding_woodlands_stair_cross
          [nzn_winding_woodlands_5x15_concentric,
          nzn_winding_woodlands_center_lodge, nzn_winding_woodlands_5x15_zeroes,
          nzn_winding_woodlands_5x5_default,
          nzn_winding_woodlands_5x5_open_star,
          nzn_winding_woodlands_5x15_garden,
          nzn_winding_woodlands_center_triple_pond,
          nzn_winding_woodlands_5x15_pathside_ponds], layout_basic,
          nzn_wu_jian_contemplation, minmay_temple_entry_gardened_gates,
          minmay_misc_feat_diagonals, nrook_mini_backslash, uniq_joseph,
          uniq_duvessa

Skill      XL: |  1  2  3  4  5  6  7  8  9 |
---------------+----------------------------+-----
Stealth        | 1 2 4 5 6 7 8 11 13 | 13.5
Invocations    | 3 4 5 6 9 10 | 10.8
Fighting       | 5 |  5.6
Unarmed Combat | 5 |  5.5
Dodging        | |  3.8

Action                   |  1- 3 |  4- 6 |  7- 9 | 10-12 || total
-------------------------+-------+-------+-------+-------++-------
Melee: Unarmed           |    98 |   205 |   443 |    26 ||   772
       Bite              |     8 |    24 |    55 |     4 ||    91
       Punch             |     3 |     5 |    18 |       ||    26
Invok: Banish            |       |       |    14 |     2 ||    16
Evoke: Wand              |       |     9 |     5 |     1 ||    15
  Use: Scroll            |     2 |     1 |     5 |       ||     8
       Potion            |       |     3 |     4 |     2 ||     9
 Stab: Sleeping          |     5 |    15 |    22 |       ||    42
       Invisible         |       |     1 |     1 |       ||     2
       Distracted        |       |       |     3 |       ||     3
Armor: Skin              |     4 |    11 |    33 |       ||    48
Dodge: Dodged            |    60 |   128 |   401 |    29 ||   618
